Map: Invader LE

Players

Alexander

  • Race: Zerg Zerg
  • League: Silver
  • Spawn Location: 5:00

Fropez - Winner!

  • Race: Protoss Protoss
  • League: Silver
  • Spawn Location: 7:00

VOD

Have the link to the VOD?

Description

Time

  • Played on: May 18, 2016, 11:03 p.m.
  • Length: 19:45
Show
View Real Time Build Order
Export as new Build Order

Alexander Zerg 

Build Orders: Hatch First 

Get SALT Encoding   

  12  0:04  Drone  
  13  0:11  Drone  
  14  0:18  Overlord  
  14  0:38  Drone  
  14  0:39  Drone x2  
  17  1:01  Drone x2  
  19  1:07  Hatchery  
  19  1:11  Overlord  
  18  1:17  Extractor  
  17  1:24  Spawning Pool  
  17  1:25  Drone  
  17  1:34  Drone  
  18  1:45  Drone  
  19  2:11  Queen  
  21  2:19  Queen  
  21  2:21  Zergling x2  
  21  2:22  Zergling x6  
  27  2:24  Metabolic Boost  
  27  2:44  Zergling x8  
  31  2:55  Drone x2  
  33  3:11  Drone  
  33  3:12  Drone  
  35  3:18  Extractor  
  34  3:21  Roach Warren  
  32  3:42  Zergling x4  
  32  3:43  Zergling x4  
  32  3:44  Overlord x5  
  36  3:56  Overlord x2  
  30  4:16  Roach x3  
  30  4:17  Roach  
  38  4:20  Lair  
  38  4:22  Pneumatized Carapace  
  38  4:24  Drone  
  38  4:30  Drone x3  
  42  4:38  Drone x2  
  44  4:54  Roach x4  
  44  4:57  Zergling x2  
  53  5:04  Drone  
  54  5:12  Evolution Chamber  
  53  5:15  Evolution Chamber  
  53  5:16  Queen  
  53  5:18  Drone  
  53  5:20  Drone  
  56  5:38  Roach x3  
  56  5:39  Roach  
  64  5:43  Drone x2  
  64  5:44  Drone  
  67  6:03  Drone x4  
  67  6:04  Drone  
  72  6:15  Zergling x2  
  72  6:16  Drone  
  74  6:22  Zerg Missile Weapons Level 1  
  74  6:23  Zerg Ground Armor Level 1  
  74  6:24  Drone  
  76  6:25  Drone x3  
  76  6:26  Drone x2  
  74  6:53  Roach x3  
  74  6:54  Roach x2  
  84  6:57  Glial Reconstitution  
  84  7:11  Extractor  
  84  7:12  Extractor  
  82  7:19  Drone x2  
  82  7:20  Overlord x3  
  84  7:27  Hatchery  
  83  7:39  Roach x3  
  85  8:03  Roach x2  
  85  8:04  Roach x3  
  84  8:27  Roach x4  
  90  8:40  Overseer  
  90  8:41  Roach x2  
  90  8:42  Roach  
  96  8:58  Roach  
  96  8:59  Roach x2  
  102  9:11  Ravager x4  
  102  9:12  Ravager  
  107  9:30  Roach x3  
  113  9:32  Overlord x3  
  113  9:33  Overlord x3  
  113  9:46  Drone  
  72  10:47  Zergling x8  
  72  10:48  Zergling x16  
  72  10:49  Zergling x8  
  36  11:11  Roach x2  
  36  11:12  Roach x4  
  36  11:41  Infestation Pit  
  36  11:42  Zerg Missile Weapons Level 2  
  36  11:43  Zerg Ground Armor Level 2  
  35  11:52  Roach x5  
  35  11:53  Roach  
  47  11:56  Queen  
  47  11:57  Zergling x4  
  47  11:58  Zergling x8  
  42  12:39  Roach x5  
  42  12:40  Roach x3  
  58  12:48  Queen  
  60  13:04  Drone x6  
  60  13:05  Drone  
  67  13:17  Roach x2  
  67  13:18  Roach x4  
  79  13:21  Ravager  
  79  13:25  Drone  
  81  13:45  Roach x5  
  91  13:49  Drone x4  
  95  14:09  Hive  
  95  14:16  Hydralisk Den  
  94  14:20  Drone x2  
  94  14:21  Drone x7  
  103  14:39  Extractor  
  103  14:42  Extractor  
  103  14:43  Drone x3, Spore Crawler  
  103  14:44  Drone x3  
  106  14:49  Spine Crawler  
  105  14:53  Spine Crawler  
  105  14:55  Spine Crawler  
  105  14:57  Spore Crawler  
  102  15:01  Drone x2  
  102  15:02  Drone  
  105  15:18  Overseer x3  
  105  15:21  Overlord x6  
  105  15:39  Lurker Den  
  105  15:42  Zerg Missile Weapons Level 3  
  105  15:46  Zerg Ground Armor Level 3  
  105  16:07  Hatchery  
  104  16:20  Drone x4  
  104  16:21  Drone x2  
  104  16:22  Roach x4  
  118  16:26  Roach  
  120  16:48  Evolution Chamber  
  120  16:52  Roach x4  
  120  16:53  Roach x2  
  123  17:27  Ultralisk Cavern  
  122  17:32  Spire x2  
  120  18:05  Extractor  
  119  18:06  Extractor  
  118  18:20  Queen  
  120  18:33  Ultralisk  
  120  18:34  Ultralisk x4  
  150  18:36  Zergling x4  
  150  18:37  Zergling x14  
  150  18:38  Zergling x2  
Show
View Real Time Build Order
Export as new Build Order

Fropez Protoss - Winner!

Build Orders: Double Forge 

Get SALT Encoding   

  12  0:01  Probe (Chrono Boost)  
  13  0:17  Pylon  
  13  0:18  Probe (Chrono Boost)  
  14  0:37  Gateway  
  14  0:38  Probe (Chrono Boost)  
  14  0:42  Assimilator  
  15  0:49  Probe (Chrono Boost)  
  16  0:55  Pylon  
  16  0:59  Probe (Chrono Boost)  
  17  1:19  Gateway  
  17  1:26  Cybernetics Core  
  17  1:27  Probe (Chrono Boost)  
  18  1:38  Probe (Chrono Boost)  
  19  1:46  Pylon  
  19  1:48  Probe (Chrono Boost)  
  20  1:55  Assimilator  
  20  1:59  Probe (Chrono Boost)  
  21  2:02  Warp Gate (Chrono Boost)  
  21  2:06  Adept  
  23  2:10  Probe (Chrono Boost)  
  23  2:14  Adept  
  26  2:28  Probe (Chrono Boost)  
  27  2:33  Adept  
  29  2:41  Adept  
  33  2:44  Mothership Core  
  33  2:50  Pylon  
  33  3:01  Adept  
  33  3:05  Probe  
  36  3:08  Adept  
  38  3:17  Probe  
  37  3:42  Forge  
  37  3:45  Forge  
  37  4:11  Nexus  
  37  4:13  Assimilator  
  37  4:15  Assimilator  
  37  4:27  Gateway  
  37  4:28  Photon Cannon  
  37  4:30  Probe  
  38  4:44  Pylon  
  38  4:45  Photon Cannon  
  37  4:57  Probe  
  38  5:00  Protoss Ground Armor Level 1 (Chrono Boost)  
  38  5:08  Stalker  
  38  5:09  Probe  
  38  5:10  Stalker  
  38  5:13  Protoss Ground Weapons Level 1 (Chrono Boost)  
  42  5:23  Probe  
  42  5:24  Probe  
  44  5:44  Adept x3  
  50  5:54  Twilight Council  
  50  5:57  Pylon  
  50  6:02  Probe x2  
  52  6:15  Probe  
  52  6:17  Adept x3  
  59  6:24  Probe  
  60  6:30  Resonating Glaives  
  54  6:54  Adept x2  
  54  6:55  Adept  
  60  7:12  Robotics Facility  
  60  7:13  Robotics Facility  
  60  7:15  Probe  
  61  7:16  Probe  
  61  7:20  Gateway  
  62  7:41  Adept x3  
  68  7:46  Protoss Ground Weapons Level 2 (Chrono Boost)  
  68  7:47  Protoss Ground Armor Level 2 (Chrono Boost)  
  68  8:09  Probe x2  
  62  8:36  Immortal x2 (Chrono Boost)  
  62  8:41  Probe x2  
  70  8:51  Adept x3  
  70  8:53  Probe x2  
  78  9:30  Pylon  
  78  9:35  Pylon  
  78  9:36  Pylon  
  78  9:37  Pylon  
  78  9:45  Pylon  
  78  9:48  Probe x2  
  78  9:49  Immortal (Chrono Boost)  
  78  9:50  Adept  
  86  9:53  Adept x2, Immortal (Chrono Boost)  
  86  9:54  Adept  
  96  10:00  Probe x2  
  96  10:23  Immortal (Chrono Boost)  
  100  10:38  Immortal (Chrono Boost)  
  72  11:31  Adept  
  72  11:32  Adept x2  
  74  11:47  Probe x2  
  74  11:50  Nexus  
  74  11:53  Assimilator  
  76  11:54  Gateway x2  
  76  11:56  Assimilator  
  76  12:01  Gateway  
  76  12:02  Gateway  
  76  12:03  Immortal x2 (Chrono Boost)  
  76  12:04  Gateway  
  82  12:18  Photon Cannon  
  82  12:19  Pylon  
  82  12:20  Probe x2, Photon Cannon  
  82  12:21  Pylon  
  82  12:32  Probe x2  
  82  12:36  Pylon  
  92  12:37  Immortal x2 (Chrono Boost)  
  92  12:45  Pylon  
  92  12:47  Pylon  
  92  12:53  Pylon  
  92  12:56  Pylon  
  92  13:01  Pylon, Protoss Ground Armor Level 3 (Chrono Boost)  
  92  13:02  Protoss Ground Weapons Level 3 (Chrono Boost)  
  92  13:18  Immortal  
  92  13:19  Immortal  
  100  13:23  Probe  
  100  13:25  Probe  
  100  13:26  Probe  
  103  13:35  Gateway  
  103  13:37  Gateway  
  103  13:39  Photon Cannon  
  103  13:43  Photon Cannon  
  103  13:47  Photon Cannon  
  103  13:49  Probe  
  103  13:51  Probe  
  105  13:58  Immortal  
  109  14:05  Pylon  
  109  14:12  Probe  
  110  14:19  Pylon  
  110  14:20  Pylon  
  110  14:23  Pylon  
  110  14:35  Templar Archives  
  110  14:42  Stalker x5  
  110  14:43  Stalker x2  
  124  14:46  Probe  
  124  14:48  Probe  
  124  14:50  Observer x2  
  128  14:57  Probe  
  129  15:00  Probe  
  129  15:02  Probe  
  129  15:06  Photon Cannon  
  131  15:14  Pylon  
  131  15:39  Immortal  
  131  15:40  Immortal  
  139  15:46  Protoss Shields Level 1 (Chrono Boost)  
  139  15:47  Charge  
  139  16:02  Nexus  
  139  16:05  Assimilator  
  139  16:19  Immortal x2  
  139  16:22  Assimilator  
  147  16:48  Probe  
  147  16:50  Probe  
  147  16:51  Probe  
  147  16:54  High Templar x5  
  152  16:55  High Templar x5  
  152  16:58  Archon x2  
  152  16:59  Archon x2  
  152  17:00  Archon  
  154  17:28  High Templar x5  
  154  17:29  High Templar x5  
  173  17:32  Archon x2  
  173  17:33  Archon x2  
  173  17:34  Archon  
  173  17:53  Warp Prism x2  
  177  18:17  Nexus  
  177  18:21  Assimilator  
  177  18:23  Assimilator  
  177  18:24  Pylon  
  177  18:26  Pylon  
  177  18:29  Pylon  
Tags
 
Add a new tag
Caveats
  • Supply blocks, unpowered buildings, or Contaminate may cause inaccurate times.
  • Supply counts are checked every 10 seconds.